Map: Crimson Court LE

Players

Highdra

  • Race: Protoss Protoss
  • Spawn Location: 1:00

eonblu - Winner!

  • Race: Zerg Zerg
  • Spawn Location: 7:00

Event: HomeStory Cup XXV

VOD

Have the link to the VOD?

Description

Time

  • Played on: June 21, 2024, 9:41 a.m.
  • Length: 4:09

All games in this series

Show
View Real Time Build Order
Export as new Build Order

Highdra Protoss 

Build Orders: 1 Gate Expand 

Get SALT Encoding   

  12  0:00  Probe  
  13  0:12  Probe  
  14  0:19  Pylon  
  14  0:24  Probe  
  15  0:37  Probe (Chrono Boost)  
  15  0:40  Gateway  
  16  0:46  Probe (Chrono Boost)  
  17  0:50  Assimilator  
  17  0:51  Probe (Chrono Boost)  
  18  1:03  Probe  
  19  1:15  Probe  
  20  1:27  Nexus  
  20  1:36  Cybernetics Core  
  20  1:39  Probe  
  21  1:46  Assimilator  
  21  1:51  Probe  
  22  1:56  Pylon  
  22  2:03  Probe  
  23  2:12  Adept (Chrono Boost)  
  23  2:13  Warp Gate  
  23  2:15  Probe  
  26  2:24  Twilight Council  
  26  2:27  Probe  
  27  2:32  Stalker (Chrono Boost)  
  29  2:40  Probe (Chrono Boost)  
  31  2:45  Probe (Chrono Boost)  
  32  2:51  Probe (Chrono Boost)  
  32  2:55  Probe (Chrono Boost)  
  32  2:56  Probe (Chrono Boost)  
  34  3:05  Robotics Facility, Probe  
  35  3:07  Probe  
  36  3:15  Gateway  
  36  3:17  Probe  
  37  3:21  Probe  
  37  3:25  Adept  
  40  3:31  Gateway  
  40  3:34  Gateway  
  40  3:39  Pylon  
  40  3:49  Shield Battery  
  40  4:03  Adept  
Show
View Real Time Build Order
Export as new Build Order

eonblu Zerg - Winner!

Build Orders: Hatch First 

Get SALT Encoding   

  12  0:00  Drone  
  13  0:12  Overlord  
  13  0:19  Drone  
  14  0:31  Drone x2  
  16  0:48  Hatchery  
  15  0:52  Drone  
  15  0:56  Drone  
  17  1:00  Drone  
  18  1:10  Extractor  
  17  1:13  Spawning Pool  
  17  1:17  Drone  
  17  1:21  Drone  
  18  1:28  Drone  
  19  1:38  Drone  
  20  1:51  Overlord  
  20  2:01  Zergling x2, Queen x2  
  24  2:02  Zergling x2  
  26  2:10  Metabolic Boost  
  26  2:12  Drone  
  26  2:15  Drone  
  28  2:21  Drone x2  
  30  2:39  Hatchery  
  30  2:41  Zergling x4  
  31  2:51  Overlord  
  30  3:06  Zergling x10  
  35  3:17  Zergling x12  
  41  3:24  Zergling x2  
  42  3:30  Zergling x4  
Tags
 
Add a new tag
Caveats
  • Supply blocks, unpowered buildings, or Contaminate may cause inaccurate times.
  • Supply counts are checked every 10 seconds.